 Dungeon Crawl Stone Soup version 0.24.0-2-g5b39cebb1c (webtiles) character file.

Game seed: 9837545665909254621, levelgen mode: deterministic

387 Mrkan the Cudgeler (level 6, -15/40 HPs)
             Began as a Gargoyle Monk on Oct 31, 2019.
             Was a Believer of Ashenzari.
             Demolished by an ogre
             ... wielding a +0 giant spiked club
              (21 damage)
             ... on level 3 of the Dungeon.
             The game lasted 00:06:48 (3279 turns).

Mrkan the Cudgeler (Gargoyle Monk)                  Turns: 3279, Time: 00:06:48

Health: -15/40     AC:  8    Str: 16    XL:     6   Next: 78%
Magic:  6/6        EV: 12    Int: 11    God:    Ashenzari [**....]
Gold:   188        SH:  0    Dex: 12    Spells: 5/5 levels left

rFire    . . .     SeeInvis .   t - +1 flail (protect) (curse)
rCold    . . .     Gourm    .   (no shield)
rNeg     + . .     Faith    .   b - +0 robe
rPois    ∞         Spirit   .   (no helmet)
rElec    +         Reflect  .   (no cloak)
rCorr    .         Harm     .   k - +1 pair of gloves
MR       .....                  (no boots)
Stlth    +++.......             (no amulet)
HPRegen  0.13/turn              f - ring of stealth
MPRegen  0.10/turn              (no ring)

@: no status effects
A: negative energy resistance 1, electricity resistance, unbreathing,
petrification resistance, rot immunity, AC +4
a: Curse Item, Scrying, Renounce Religion


You were on level 3 of the Dungeon.
You worshipped Ashenzari.
Ashenzari was pleased with you.
You were not hungry.

You visited 1 branch of the dungeon, and saw 4 of its levels.

You collected 188 gold pieces.

Inventory:

Hand Weapons
 a - a +0 mace
 t - a cursed +1 flail of protection (weapon)
Armour
 b - a +0 robe (worn)
 k - a +1 pair of gloves (worn)
Jewellery
 f - a ring of stealth (left hand)
Wands
 l - a wand of polymorph (4)
 s - a wand of flame (8)
Scrolls
 e - a scroll of teleportation
 g - 2 scrolls of enchant armour {unknown}
 h - 5 scrolls of identify {unknown}
 o - 2 scrolls of blinking {unknown}
 p - a scroll of immolation {unknown}
 r - a scroll of random uselessness {unknown}
 u - a scroll of fog {unknown}
Potions
 d - 2 potions of curing
 i - a potion of invisibility {unknown}
 j - a potion of mutation {unknown}
 m - a potion of brilliance {unknown}
 v - a potion of lignification {unknown}
Comestibles
 c - 6 rations
 q - 2 chunks of flesh


   Skills:
 + Level 4.9 Fighting
 * Level 5.6(7.9) Maces & Flails
 + Level 3.4 Armour
 - Level 2.4 Dodging
 - Level 2.1 Stealth


You had 5 spell levels left.
You didn't know any spells.
Your spell library was empty.

Dungeon Overview and Level Annotations

Branches:
Dungeon (4/15)
 Temple: D:4-7

Altars:
Ashenzari
The Shining One


Innate Abilities, Weirdness & Mutations

You are resistant to torment.
Your stone body is resilient. (AC +4)
You are immune to poison.
You resist negative energy. (rN+)
You are resistant to electric shocks. (rElec)
You can survive without breathing.
You are immune to petrification.
You are immune to rotting.


Message History

A gnoll comes into view. It is wielding a +0 flail.
The gnoll moves out of view.
The orc priest looks braver for a moment.
The orc throws a stone.
The stone hits you but does no damage. The gnoll hits you but does no damage.
You see here a stone.
The gnoll shouts!
You see here a +0 trident.
The orc priest calls down the wrath of Beogh upon you.
Beogh smites you!
* * * LOW HITPOINT WARNING * * *
The gnoll hits you with a +0 flail!
* * * LOW HITPOINT WARNING * * *
The gnoll hits you but does no damage.
There is a stone staircase leading up here.
The leopard gecko skeleton closely misses you.
You climb upwards.
The ogre hits you with a +0 giant spiked club!!
Ouch! That really hurt!
You die...

#.###............................
..####.................######....
........<.###.#####....# #####
..#######.....# #....#
#..........#..### #....#
#########.......###....# ######
#########..............#####.....
...............O.................
...............g@................
.########.......############.....
## #.......# #..... #########
#..... ######


You could see an ogre and a gnoll.

Vanquished Creatures
  2 orc priests
  A hound (D:4)
  Ijyb (D:3)
  2 worker ants (D:4)
  A hound zombie (D:4)
  Robin (D:2)
  4 gnolls
  6 adders
  3 worms (D:2)
  2 dart slugs
  A leopard gecko (D:1)
  8 orcs
  4 giant cockroaches
  18 goblins
  4 hobgoblins
  3 jackals (D:3)
  7 kobolds
  4 quokkas
  6 bats
  6 frilled lizards
  9 rats
93 creatures vanquished.

Notes
Turn   | Place    | Note
-------+----------+-------------------------------------------
     0 | D:1      | Mrkan the Gargoyle Monk began the quest for the Orb.
     0 | D:1      | Reached XP level 1. HP: 14/14 MP: 1/1
    25 | D:1      | Found a glowing golden altar of the Shining One.
   169 | D:1      | Reached XP level 2. HP: 18/19 MP: 2/2
   559 | D:1      | Reached skill level 1 in Armour
   940 | D:1      | Reached XP level 3. HP: 20/23 MP: 3/3
  1224 | D:2      | Noticed Robin
  1248 | D:2      | Killed Robin
  1474 | D:2      | Reached skill level 4 in Maces & Flails
  1474 | D:2      | Reached XP level 4. HP: 29/29 MP: 4/4
  1625 | D:2      | Found a shattered altar of Ashenzari.
  1637 | D:2      | Became a worshipper of Ashenzari the Shackled
  1637 | D:2      | Reached * piety under Ashenzari
  1637 | D:2      | Reached ** piety under Ashenzari
  1751 | D:2      | Found a faded altar of an unknown god.
  2459 | D:3      | Reached XP level 5. HP: 31/33 MP: 5/5
  2492 | D:3      | Noticed Ijyb
  2519 | D:3      | Killed Ijyb
  2805 | D:3      | Noticed an ogre
  2972 | D:3      | Reached skill level 5 in Maces & Flails
  2972 | D:3      | Reached XP level 6. HP: 36/39 MP: 6/6
  3279 | D:3      | Demolished by an ogre

Levels and vault maps discovered:
D:1:      dpeg_arrival_ratfight, layout_basic, minmay_tree_intersection,
          minmay_hedge_maze, tso_metal_star
D:2:      layout_basic, chequers_ecumenical_altar_island, solitary_fountain,
          ashenzari_altar_1, uniq_robin
D:3:      layout_rooms, minmay_cut_off, uniq_ijyb
D:4:      layout_cave_pools, minmay_temple_entry_offerings, first_ration,
          serial_shops, shop, minmay_goblin_outpost

Skill      XL: |  1  2  3  4  5  6 |
---------------+-------------------+-----
Armour         | 1 2 3 |  3.4
Maces & Flails | 4 5 |  5.6
Fighting       | 4 |  4.9
Dodging        | |  2.4
Stealth        | |  2.1

Action                   |  1- 3 |  4- 6 || total
-------------------------+-------+-------++-------
Melee: Mace              |   109 |   139 ||   248
       Flail             |       |   102 ||   102
Invok: Curse Item        |       |     1 ||     1
  Use: Potion            |       |     3 ||     3
       Scroll            |       |     1 ||     1
 Stab: Sleeping          |     2 |     4 ||     6
  Eat: Chunk             |     2 |     6 ||     8
Armor: Robe              |    53 |   101 ||   154
       Skin              |    53 |       ||    53
Dodge: Dodged            |    84 |   205 ||   289
